 Dungeon Crawl Stone Soup version 0.18.1-48-g4cf74bf (webtiles) character file.

179 Inkary the Chopper (level 5, -2/47 HPs)
             Began as a Hill Orc Fighter on Aug 27, 2016.
             Was an Initiate of Okawaru.
             Splashed by an oklob plant's acid (15 damage)
             ... on level 3 of the Dungeon.
             The game lasted 00:03:56 (2706 turns).

Inkary the Chopper (Hill Orc Fighter)               Turns: 2706, Time: 00:03:57

Health: -2/47      AC:  4    Str: 24    XL:     5   Next: 59%
Magic:  5/5        EV:  7    Int:  8    God:    Okawaru [......]
Gold:   166        SH: 10    Dex: 11    Spells: 0 memorised, 4 levels left

rFire  . . .     SeeInvis .     a - +0 war axe
rCold  . . .     Gourm    .     b - +0 scale mail
rNeg   . . .     Faith    .     c - +0 shield
rPois  .         Spirit   .     (no helmet)
rElec  .         Dismiss  .     (no cloak)
rCorr  .         Reflect  .     (no gloves)
SustAt .         Harm     .     v - +0 pair of boots
MR     .....                    (no amulet)
Stlth  ..........               (no ring)
                                g - +5 ring of strength

@: corroded, not resistant to hostile enchantments, extremely unstealthy
A: no striking features
a: Renounce Religion


You were on level 3 of the Dungeon.
You worshipped Okawaru.
Okawaru was noncommittal.
You were not hungry.

You visited 1 branch of the dungeon, and saw 3 of its levels.

You collected 166 gold pieces.

Inventory:

Hand Weapons
 a - a +0 war axe (weapon)
Armour
 b - a +0 scale mail (worn)
 c - a +0 shield (worn)
 v - a +0 pair of boots (worn)
Jewellery
 g - a +5 ring of strength (left hand)
Wands
 p - a wand of confusion (25/48)
Scrolls
 h - 3 scrolls of identify {unknown}
 i - 2 scrolls of magic mapping {unknown}
 l - 2 scrolls of teleportation {unknown}
 q - a scroll of remove curse {unknown}
 r - a scroll of blinking {unknown}
 s - a scroll of immolation {unknown}
 t - 2 scrolls of fear {unknown}
 w - a scroll of enchant weapon {unknown}
Potions
 e - a potion of degeneration {unknown}
 j - 2 potions of resistance {unknown}
 o - 2 potions of mutation {unknown}
Books
 u - a book of the Warp

   Spells                             Type                      Level
   a - Recall                         Summoning/Translocation      3
   b - Gell's Gravitas                Hexes/Translocation          3
   c - Force Lance                    Conjuration/Translocation    4
   d - Warp Weapon                    Charms/Translocation         5
   e - Summon Forest                  Summoning/Translocation      5
Comestibles
 d - 5 fruits
 f - 3 bread rations
 k - a beef jerky
 m - a royal jelly
 n - 2 meat rations


   Skills:
 + Level 4.6 Fighting
 * Level 4.7 Axes
 + Level 4.5 Armour
 + Level 4.0 Shields


You had 4 spell levels left.
You didn't know any spells.

Dungeon Overview and Level Annotations

Branches:
Dungeon (3/15)

Altars:
Ashenzari
Fedhas
Kikubaaqudgha
Okawaru
The Shining One

Annotations:
D:3 exclusion: oklob plant


Message History

You destroy the fungus!
You hit the plant but do no damage.
The plant is moderately damaged.
You hit the plant but do no damage.
The plant is lightly damaged.
You hit the plant but do no damage.
The plant is lightly damaged.
The oklob plant spits acid at you. You block the splash of acid.
You see here 3 fruits.
d - 3 fruits The oklob plant spits acid at you.
The splash of acid hits you! The acid corrodes you!
The acid burns!
You see here 2 fruits.
d - 5 fruits (gained 2)
The oklob plant spits acid at you. The splash of acid hits you!
* * * LOW HITPOINT WARNING * * *
The acid burns!
You die...

##.≈≈≈≈...≈≈≈≈.PP.##
...≈≈≈≈._......P##P#
##.≈≈≈≈...≈≈≈≈.P#P.#
#.≈≈≈≈≈≈≈≈≈≈≈.P#PP#
P..≈≈≈≈≈≈≈≈≈..P.PP#
#P..≈≈≈≈≈≈≈..P.PPP#
#PP..≈≈≈≈≈..PPP.PP#
PP.P.......PPPP.P.#
PP#P##.#PPPPPP@.##


P.PP#PP#.%PP# PPP##P#P%PP## ###PPPPPPPPP ####### ########### ##....# ##....#
......# ......####### You could see an oklob plant.

Vanquished Creatures
  An orc priest (D:3)
  4 adders (D:2)
  An ooze (D:2)
  9 worms
  A dart slug (D:1)
  3 orcs (D:3)
  A ball python (D:3)
  11 bats
  2 giant cockroaches (D:2)
  11 goblins
  12 hobgoblins
  8 kobolds
  8 giant newts
  8 rats
  A fungus (D:3)
81 creatures vanquished.

Notes
Turn   | Place    | Note
--------------------------------------------------------------
     0 | D:1      | Inkary the Hill Orc Fighter began the quest for the Orb.
     0 | D:1      | Reached XP level 1. HP: 19/19 MP: 1/1
   184 | D:1      | Reached XP level 2. HP: 19/27 MP: 2/2
   553 | D:1      | Reached XP level 3. HP: 33/33 MP: 3/3
  1107 | D:2      | Reached XP level 4. HP: 22/40 MP: 4/4
  1159 | D:2      | Found a glowing golden altar of the Shining One.
  1183 | D:2      | HP: 1/41 [worm (8)]
  1766 | D:2      | Found an iron altar of Okawaru.
  1778 | D:2      | Became a worshipper of Warmaster Okawaru
  1783 | D:2      | Found an ancient bone altar of Kikubaaqudgha.
  2133 | D:2      | Reached XP level 5. HP: 45/47 MP: 5/5
  2625 | D:3      | Found a shattered altar of Ashenzari.
  2672 | D:3      | Found a blossoming altar of Fedhas.
  2691 | D:3      | Noticed an oklob plant
  2706 | D:3      | Splashed by an oklob plant's acid

Skill      XL: |  1  2  3  4  5 |
---------------+----------------+-----
Axes           | 3 4 |  4.7
Fighting       | 4 |  4.6
Armour         | 4 |  4.5
Shields        | 4 |  4.0

Action                   |  1- 3 |  4- 6 || total
-------------------------+-------+-------++-------
Melee: War axe           |   146 |   138 ||   284
  Use: Potion            |       |     1 ||     1
  Eat: Chunk             |     1 |     5 ||     6
Armor: Scale mail        |    73 |    47 ||   120
Dodge: Dodged            |    52 |    36 ||    88
Block: Shield            |    74 |    66 ||   140
